 Dungeon Crawl Stone Soup version 0.28.0-53-g5a82cb258f (webtiles) character file.

Game seed: 14950470965602089517

80 DildoBatman the Conjurer (level 4, -6/28 (32) HPs)
             Began as a Formicid Conjurer on July 3, 2022.
             Mangled by a worm (8 damage)
             ... on level 3 of the Dungeon.
             The game lasted 00:02:54 (1243 turns).

DildoBatman the Conjurer (Formicid Conjurer)        Turns: 1243, Time: 00:02:54

HP:   -6/28 (32)    AC:  2    Str: 18    XL:     4   Next: 65%
MP:   5/8           EV: 12    Int: 17    God:
Gold: 114           SH:  0    Dex: 11    Spells: 5/8 levels left

rFire   . . .      SeeInvis +   m - +1 whip (venom)
rCold   . . .      Faith    .   (no shield)
rNeg    . . .      Spirit   .   a - +0 robe
rPois   .          Reflect  .   (helmet unavailable)
rElec   .          Harm     .   (no cloak)
rCorr   .          Rampage  .   (no gloves)
Will    .....                   (no boots)
Stlth   ++........              (no amulet)
HPRegen 0.09/turn               f - +6 ring of strength
MPRegen 0.11/turn               (no ring)

@: heavily drained
A: permanent stasis, dig shafts and tunnels, antennae 3, four strong arms
a: Dig, Shaft Self


You were on level 3 of the Dungeon.
You visited 1 branch of the dungeon, and saw 3 of its levels.

You collected 114 gold pieces.

Inventory:

Hand Weapons
 d - a +0 club
 l - a +0 mace
 m - a +1 whip of venom (weapon)
 p - a +0 long sword
Missiles
 b - 18 bolts
 e - 54 sling bullets
 i - 20 arrows
 k - 27 stones
Armour
 a - a +0 robe (worn)
Jewellery
 f - a +6 ring of strength (left hand)
 o - a +6 ring of strength
Scrolls
 c - 4 scrolls of identify {unknown}
 j - a scroll of silence {unknown}
 n - a scroll of blinking {unknown}
 q - a scroll of amnesia {unknown}
Potions
 g - a potion of curing {unknown}
 h - a potion of brilliance {unknown}


   Skills:
 * Level 1.5 Fighting
 * Level 1.5 Armour
 - Level 1.7 Dodging
 - Level 2.4 Stealth
 * Level 2.7 Spellcasting
 * Level 4.4 Conjurations


You had 5 spell levels left.
You knew the following spells:

 Your Spells              Type           Power      Damage    Failure   Level
a - Searing Ray           Conj           34%        2d5       4%          2
c - Magic Dart            Conj           68%        1d6       3%          1

Your spell library contained the following spells:

 Spells                   Type           Power      Damage    Failure   Level
 Dazzling Flash           Conj/Hex       18%        N/A       22%         3
 Fulminant Prism          Conj/Hex       4%         3d6       58%         4
 Iskenderun's Mystic Bla  Conj/Tloc      9%         2d4       58%         4


Dungeon Overview and Level Annotations

Branches:
Dungeon (3/15)

Altars:

Annotations:
D:1 Terence


Innate Abilities, Weirdness & Mutations

You cannot be hasted, slowed, berserked, paralysed or teleported.
You can dig through walls and to a lower floor.
You have a pair of large antennae on your head. (SInv)
Your four strong arms can wield two-handed weapons with a shield.


Message History

You shout for attention!
The quokka closely misses you. What are your orders? t - Shout!
Orders for allies: a - Attack new target. r - Retreat! s - Stop attacking. g - Guard the area. f - Follow me.
Anything else - Cancel.
You shout for attention!
The quokka bites you. The worm bites you. What are your orders? t - Shout!
Orders for allies: a - Attack new target. r - Retreat! s - Stop attacking. g - Guard the area. f - Follow me.
Anything else - Cancel.
You shout for attention!
The quokka bites you. The worm barely misses you.
What are your orders? t - Shout!
Orders for allies: a - Attack new target. r - Retreat! s - Stop attacking. g - Guard the area. f - Follow me.
Anything else - Cancel.
You shout for attention!
The quokka twitches its whiskers.
The quokka bites you. The quokka closely misses you.
What are your orders? t - Shout!
Orders for allies: a - Attack new target. r - Retreat! s - Stop attacking. g - Guard the area. f - Follow me.
Anything else - Cancel.
You shout for attention!
The quokka bites you. The worm bites you!
You die...

.. ....## .
...... .#+#.....
. ####......# ..
+.........#
...#.#.!.....#..
........r......
#...@w......
#.......#.##
#..#.#.##
#<.#.#... #.##.#
##. #.##.# #
#..... #..#.#
#..#..


You could see a worm and a quokka.

Vanquished Creatures
  A jelly (D:2)
  An adder (D:2)
  A worm (D:2)
  2 endoplasms
  4 goblins
  3 hobgoblins
  2 jackals (D:2)
  7 kobolds
  2 quokkas
  5 ball pythons
  2 bats (D:2)
  3 frilled lizards
  4 rats
37 creatures vanquished.

Notes
Turn   | Place    | Note
-------+----------+-------------------------------------------
     0 | D:1      | DildoBatman the Formicid Conjurer began the quest for the
                  | Orb.
     0 | D:1      | Reached XP level 1. HP: 13/13 MP: 3/3
   227 | D:1      | Reached XP level 2. HP: 17/19 MP: 1/5
   228 | D:1      | Reached skill level 4 in Conjurations
   265 | D:1      | Learned a level 2 spell: Searing Ray
   736 | D:2      | Reached XP level 3. HP: 22/25 MP: 4/6
   922 | D:2      | Noticed Terence
  1067 | D:2      | Reached skill level 1 in Fighting
  1072 | D:2      | Found a faded altar of an unknown god.
  1137 | D:2      | Reached skill level 1 in Armour
  1204 | D:2      | Reached XP level 4. HP: 16/32 MP: 0/8
  1243 | D:3      | Mangled by a worm

Illustrated notes

Levels and vault maps discovered:
D:1:      dpeg_arrival_arbitrary_c, layout_loops_ring
D:2:      layout_loops_ring, hellmonk_ecumenical_altar_heavens_door,
          kennysheep_generic_room_3, uniq_terence
D:3:      layout_basic, lemuel_round_altar, serial_corexii_hall,
          corexii_hall_statues_u, chequers_hall_statues_corner_a, serial_shops,
          nicolae_shop_hallway_stairs

Skill      XL: |  1  2  3 |
---------------+----------+-----
Conjurations   | 4 |  4.4
Fighting       | 1 |  1.5
Armour         | 1 |  1.5
Dodging        | |  1.7
Stealth        | |  2.4
Spellcasting   | |  2.7

Action                   |  1- 3 |  4- 6 || total
-------------------------+-------+-------++-------
Melee: Club              |     6 |       ||     6
       Unarmed           |     3 |       ||     3
       Punch             |     1 |     1 ||     2
       Whip              |    32 |     3 ||    35
       Mace              |     5 |       ||     5
 Cast: Magic Dart        |    32 |       ||    32
       Searing Ray       |     5 |       ||     5
 Abil: Dig               |       |     1 ||     1
 Stab: Sleeping          |     3 |       ||     3
Armor: Robe              |    13 |     1 ||    14
Dodge: Dodged            |    42 |    10 ||    52
